[Event "Charlotte CC Fall IM-A 2024"]
[Site "Charlotte"]
[Date "2024.11.24"]
[Round "4.2"]
[White "Wang, Isaac"]
[Black "Asavasaetakul, Chawit"]
[Result "1-0"]
[Annotator "RC"]
[ECO "D17"]
[WhiteElo "2328"]
[BlackElo "2009"]
[PlyCount "79"]
[EventDate "2024.11.22"]
[EventType "tourn"]
[EventCountry "USA"]
[SourceTitle "playchess.com"]
[Source "ChessBase"]
[SourceQuality "1"]
[TimeControl "5400+30"]

1. d4 d5 2. c4 c6 3. Nc3 Nf6 4. Nf3 dxc4 5. a4 Bf5 6. Ne5 Nbd7 7. Nxc4 Qc7 8. g3 e5 9. dxe5 Nxe5 10. Bf4 Nfd7 11. Bg2 g5 12. Nxe5 gxf4 13. Nxd7 Qxd7 14. Qxd7+ Kxd7 15. O-O-O+ Kc7 16. gxf4 Bc5 17. e3 a6 18. Nd5+ cxd5 19. Rxd5 Bxe3+ 20. fxe3 Be6 21. Rc5+ Kb6 22. b4 Rac8 23. a5+ Ka7 24. Kd2 Rhd8+ 25. Kc3 b6 26. axb6+ Kxb6 27. Ra1 Bd7 28. Rxc8 Rxc8+ 29. Kd4 Rc2 30. Bd5 Rd2+ 31. Ke5 f6+ 32. Kd6 Bc6 33. Ra5 Bxd5 34. Rxd5 Rxh2 35. e4 Re2 36. e5 fxe5 37. fxe5 h5 38. Rd4 Rc2 39. e6 Rc6+ 40. Kd7 1-0

[Event "Charlotte CC Fall IM-A 2024"]
[Site "Charlotte"]
[Date "2024.11.24"]
[Round "4.3"]
[White "Girsh, Daniel"]
[Black "Macovei, Andrei"]
[Result "0-1"]
[Annotator "TA"]
[ECO "A34"]
[WhiteElo "2180"]
[BlackElo "2476"]
[PlyCount "106"]
[EventDate "2024.11.22"]
[EventType "tourn"]
[EventCountry "USA"]
[SourceTitle "playchess.com"]
[Source "ChessBase"]
[SourceQuality "1"]
[TimeControl "5400+30"]

1. Nf3 Nf6 2. c4 c5 3. Nc3 Nc6 4. g3 d5 5. cxd5 Nxd5 6. Bg2 Nc7 7. O-O e5 8. d3 Be7 9. Nd2 Bd7 10. Nc4 f6 11. a4 O-O 12. Be3 Be6 13. Bxc6 bxc6 14. Na5 {[%emt 0:01:36] Black has an edge.} Qd7 15. Ne4 Bh3 16. Qb3+ (16. Nxc5 $2 Bxc5 (16... Qd5 17. Qb3 $17) 17. Bxc5 Qd5 $17) 16... Qd5 17. Rfb1 Ne6 18. Qb7 f5 (18... Rfe8 $1 $14) 19. Qxc6 $16 (19. Nxc6 $6 Kh8 20. Qxe7 Qxc6 $14) 19... Rfd8 {[%emt 0:07:42][%cal Bf8d8,Bd8d5,Bd5d7,Bd7b7][%mdl 32] [#]} 20. Qxd5 Rxd5 21. Nc6 $1 Rd7 22. Nxe5 {[%emt 0:04:40] A dynamic duo of knights.} Rb7 23. Nc3 g5 24. Nd5 Bf8 25. f4 Bg7 26. Kf2 Rd8 27. Nc3 Bxe5 28. fxe5 a6 29. a5 f4 30. gxf4 gxf4 31. Bd2 c4 32. Ne4 cxd3 33. exd3 ({White should play} 33. Rg1+ $16 Kf8 34. Bc3) 33... Rxd3 $14 {[%emt 0:01:14] [#] ...Bf5 is the strong threat.} 34. Bc3 (34. Rg1+ $5 Kf8 35. Bc3 $16) 34... Rg7 35. Rg1 {[%emt 0:00:00] Wards off Rg2+} Bf5 36. Rxg7+ Kxg7 37. Rg1+ Kh6 $1 38. Nf6 Ng5 {[%emt 0:01:38] Threatens to win with ...Nh3+.} 39. Ng8+ Kh5 {[%emt 0:00:06] aiming for ...Nh3+.} 40. Nf6+ Kh6 41. Ng8+ Kh5 {[%emt 0:00:37] Hoping for ...Nh3+.} 42. Nf6+ Kh4 {[%emt 0:02:00] Strongly threatening ...Nh3+.} 43. Ra1 $2 (43. Be1 $1 $11 {and White is okay.} Nf3 44. Rg7) 43... Kh3 44. Ra3 (44. Rg1 {is a better defense.} Rf3+ 45. Ke1 Re3+ (45... Kxh2 $2 {is the wrong capture.} 46. Rxg5 Be6 47. Bd2 $18) 46. Kd1 (46. Kf2 $2 Kh4 $19)) 44... Kxh2 $19 ({Worse is} 44... Rf3+ 45. Kg1 $11) 45. Bb4 Nh3+ 46. Ke1 f3 47. Ng4+ (47. Bc5 Rxa3 48. bxa3) 47... Kg3 $1 {[%emt 0:00:08] ( -> ...Rxa3)} 48. Ne3 f2+ {[%emt 0:01:20] Black mates.} 49. Kf1 Be4 50. Be1 fxe1=Q+ 51. Kxe1 Rxa3 52. bxa3 Ng5 53. Ke2 h5 {[%emt 0:00:17] Quite a comeback for Black.   Weighted Error Value: White=0.41/Black=0.10 (very precise) .  Loses game:     	White=1     	---        Mistake:       	White=3     	Black=1      Inaccurate:     	White=4     	Black=4      OK:         	White=13    	Black=8      Best:        	White=4     	Black=7      Strong:       	White=1     	Black=2} 0-1

[Event "Charlotte CC Fall IM-A 2024"]
[Site "Charlotte"]
[Date "2024.11.24"]
[Round "4.4"]
[White "Atwell, Rose"]
[Black "Tang, Dylan"]
[Result "1/2-1/2"]
[Annotator "RC"]
[ECO "C67"]
[WhiteElo "2164"]
[BlackElo "2192"]
[PlyCount "66"]
[EventDate "2024.11.22"]
[EventType "tourn"]
[EventCountry "USA"]
[SourceTitle "playchess.com"]
[Source "ChessBase"]
[SourceQuality "1"]
[TimeControl "5400+30"]

1. e4 e5 2. Nf3 Nc6 3. Bb5 Nf6 4. O-O Nxe4 5. Re1 Nd6 6. Nxe5 Nxe5 7. Rxe5+ Be7 8. Bf1 O-O 9. d4 Bf6 10. Re1 Nf5 11. c3 d5 12. Bf4 c6 13. Nd2 Nh4 14. a4 a5 15. Qb3 Bg5 16. Bxg5 Qxg5 17. Re3 Nf5 18. Nf3 Qd8 19. Ree1 Nd6 20. Bd3 Rb8 21. Qc2 g6 22. Qd2 Bf5 23. Ne5 f6 24. Bxf5 Nxf5 25. Nd3 Qd6 26. Nc5 b6 27. Re6 Qd8 28. Nd3 Qd7 29. Rae1 Rbe8 30. Rxe8 Rxe8 31. Kf1 Nd6 32. Rxe8+ Qxe8 33. Qe2 Kf7 1/2-1/2

[Event "Charlotte CC Fall IM-A 2024"]
[Site "Charlotte"]
[Date "2024.11.24"]
[Round "4.5"]
[White "Tsay, Vincent"]
[Black "Bilych, Oleksii"]
[Result "0-1"]
[Annotator "TA"]
[ECO "E01"]
[WhiteElo "2309"]
[BlackElo "2429"]
[PlyCount "116"]
[EventDate "2024.11.22"]
[EventType "tourn"]
[EventCountry "USA"]
[SourceTitle "playchess.com"]
[Source "ChessBase"]
[SourceQuality "1"]
[TimeControl "5400+30"]

1. d4 Nf6 2. c4 e6 3. g3 c5 4. Nf3 cxd4 5. Nxd4 d5 6. Bg2 e5 7. Nf3 d4 8. O-O Nc6 9. e3 Be7 10. exd4 exd4 11. Bf4 Be6 12. Ne5 Rc8 13. Nd2 O-O {[%emt 0:00:00] The position is equal.} 14. Qb3 (14. Ndf3 $11 {keeps the balance.}) 14... Nxe5 $17 15. Bxe5 Ng4 (15... b5 $1 $17 {Strongly threatening ...Ng4.} 16. Bxf6 (16. Qxb5 $2 Rc5 $19) 16... Bxf6 17. Qxb5 Rb8) 16. Rfe1 $2 (16. Rae1 $11) 16... Qa5 (16... b5 $1 $19 {[%cal Rb5c4] has better winning chances.} 17. Bf4 (17. Qxb5 $2 {too greedy.} Rc5 $19) 17... bxc4) 17. Nf3 Bxc4 {[%emt 0:00:00] Black is more active.} 18. Qxb7 Bb4 19. Rec1 d3 {[%emt 0:00:00] Some like it hot} (19... Nxe5 $17 20. Nxe5 Qxe5 21. Qxb4 Be2) 20. Bc3 (20. Qe4 $1 $11 {remains equal.} f5 (20... Bxa2 $2 21. Rxc8 Nxe5 22. Rxf8+ Bxf8 23. Qxe5 $18) 21. Qb7 Nxe5 22. Nxe5 Qxe5 23. Qxb4) 20... Bxc3 $1 21. Rxc3 {[%emt 0:00:18] [#]} (21. bxc3 $17 Qc5 (21... Bxa2 $2 22. Qb2 $18) 22. Nd4) 21... Ba6 $2 ({Black should try} 21... Nxf2 $1 $19 {White must now prevent ...Qc5.} 22. b4 Qd8 23. Qxa7 (23. Kxf2 $2 Qf6 $19) 23... Ne4) 22. Qxa7 $11 Rxc3 23. bxc3 Qxc3 24. Rd1 Qc2 $36 {[%emt 0:01:13][%csl LRa2,LRd1][%mdl 2048] Black fights for an advantage.} 25. Rd2 {[%emt 0:01:52] [#] White is on the road to losing.} (25. Ra1 $1 $11) 25... Ne5 $1 $19 26. Rxc2 (26. Qxa6 $2 {perishes.} Qc1+ 27. Bf1 Nxf3+ 28. Kg2 Ne1+ (28... Nxd2 $2 29. Bxd3 Qc5 30. Qb7 $19) (28... Qxd2 $2 29. Kxf3 Rd8 30. h3 $19) 29. Kg1 Qxd2 $19) 26... dxc2 27. Qxa6 c1=Q+ (27... c1=B $2 {is the wrong capture.} 28. Nxe5 g6 29. Qc4 $18) 28. Qf1 Nd3 29. Qxc1 Nxc1 {[%emt 0:00:01][%mdl 4096] Endgame. KRN-KBN} 30. Bf1 Nxa2 31. Bc4 Nc3 32. Ne5 Ne4 33. Kg2 Nd6 34. Bd5 g6 35. h4 Kg7 36. g4 Rb8 {[%emt 0:00:57] aiming for ...Rb5.} 37. Nd3 Rb5 38. Bf3 Rb3 39. Nf4 Kf6 40. Nh3 Ke5 41. Bc6 $2 (41. h5) 41... h6 42. Ba8 Ne8 43. Bc6 Nc7 44. Bd7 (44. Ng1 $142) 44... Nd5 45. Be8 Ke6 46. Bc6 Ne7 47. Bf3 Ke5 48. Ba8 $2 (48. h5 {was necessary.}) 48... f5 49. Bf3 fxg4 50. Bxg4 Nf5 51. Bxf5 (51. h5 $19 Nh4+ 52. Kh2) 51... gxf5 {[%emt 0:03:16] KR-KN. Black mates.} 52. f3 f4 53. Kf2 Rb2+ 54. Kg1 Kd4 55. Nxf4 Ke3 $1 56. Ne6 Kxf3 57. h5 Kg4 58. Ng7 Re2 {[%emt 0:00:00] Weighted Error Value: White=0.47/Black=0.22 (precise) .  Loses game:     	White=2     	---        Missed win:     	---       	Black=1      Mistake:       	White=7     	Black=3      OK:         	White=12    	Black=18     Best:        	White=2     	Black=3      Strong:       	---       	Black=1      Brilliant:      	---       	Black=1} 0-1